Map: Frozen Temple

Players

Beastyqt

  • Race: Terran Terran

PtitDrogo - Winner!

  • Race: Protoss Protoss

VOD

https://www.youtube.com/watch?v=JLSTQlh5WTA

Description

Time

  • Played on: Nov. 23, 2016, 12:38 p.m.
  • Length: 16:09
Show
View Real Time Build Order
Export as new Build Order

Beastyqt Terran 

Build Orders: Liberator Opening, Reaper Expand, Mech 

Get SALT Encoding   

  12  0:00  SCV  
  13  0:12  SCV  
  14  0:18  Supply Depot  
  14  0:25  SCV  
  15  0:40  Barracks, SCV  
  16  0:46  Refinery  
  16  0:52  SCV  
  17  1:04  SCV  
  18  1:16  SCV  
  19  1:29  Orbital Command, Reaper  
  20  1:43  Command Center  
  20  1:55  SCV  
  20  1:56  Supply Depot  
  20  2:01  Marine  
  21  2:07  SCV  
  23  2:18  Factory  
  23  2:19  SCV  
  23  2:20  Refinery  
  23  2:21  Marine  
  25  2:31  Bunker  
  25  2:33  SCV  
  26  2:45  SCV  
  27  2:55  Orbital Command  
  27  2:57  SCV  
  28  3:09  Cyclone, Starport, SCV  
  31  3:13  Engineering Bay  
  31  3:21  SCV x2  
  33  3:29  Liberator  
  33  3:33  SCV x2  
  35  3:35  Supply Depot  
  35  3:40  Missile Turret  
  35  3:42  Barracks Reactor  
  35  3:45  SCV  
  35  3:46  Widow Mine  
  41  3:52  SCV  
  42  3:57  SCV  
  42  3:59  Supply Depot  
  43  4:04  SCV  
  43  4:09  SCV  
  45  4:15  Command Center  
  45  4:16  SCV  
  46  4:22  SCV  
  47  4:29  SCV, Barracks Tech Lab  
  48  4:34  SCV  
  48  4:36  Cyclone  
  48  4:37  Cyclone  
  55  4:41  Supply Depot x2, SCV  
  55  4:43  Viking  
  58  4:49  SCV  
  58  4:51  Refinery  
  58  4:52  Refinery  
  59  4:53  Missile Turret  
  59  4:55  SCV  
  60  5:01  SCV  
  60  5:04  Supply Depot  
  61  5:07  Barracks Tech Lab, SCV  
  61  5:13  Widow Mine, SCV  
  61  5:14  Widow Mine  
  63  5:18  Medivac  
  63  5:21  SCV  
  70  5:25  Supply Depot x2, SCV  
  70  5:28  Orbital Command  
  71  5:33  SCV  
  69  5:44  SCV  
  69  5:45  Factory  
  69  5:46  Cyclone  
  69  5:47  Liberator  
  69  5:48  Factory  
  73  5:51  SCV  
  73  5:53  Cyclone  
  73  5:54  SCV  
  78  5:58  Marine  
  78  5:59  SCV  
  80  6:06  SCV  
  84  6:11  SCV  
  84  6:12  Orbital Command  
  84  6:17  Missile Turret  
  84  6:18  SCV  
  84  6:20  Armory  
  84  6:21  Hellion  
  84  6:23  SCV  
  90  6:25  Hellion  
  90  6:31  SCV  
  85  6:37  Missile Turret  
  85  6:38  Siege Tank x2  
  85  6:39  SCV x2  
  93  6:44  Missile Turret  
  93  6:45  Liberator, Supply Depot  
  93  6:46  Supply Depot x2  
  93  6:50  Widow Mine x2  
  93  6:52  SCV x2  
  93  6:53  SCV  
  99  7:02  Barracks Reactor  
  99  7:04  SCV x2  
  99  7:05  SCV  
  99  7:06  Refinery  
  99  7:07  Refinery  
  105  7:10  Terran Vehicle Weapons Level 1  
  105  7:12  Supply Depot  
  105  7:16  SCV  
  105  7:21  Missile Turret  
  105  7:22  Hellion x3  
  112  7:26  Factory  
  112  7:31  Supply Depot, Factory  
  112  7:44  Command Center  
  112  7:46  Sensor Tower  
  112  7:54  Siege Tank x2  
  112  7:55  Hellion x4  
  122  8:13  Supply Depot, Factory Tech Lab  
  122  8:14  Factory Reactor  
  122  8:16  Factory x2  
  122  8:21  Hellion x2  
  125  8:33  Viking x2  
  124  8:38  Siege Tank x2  
  124  8:39  Hellion  
  132  8:42  Hellion  
  132  8:43  Hellion  
  132  8:44  Missile Turret  
  132  8:45  Command Center  
  132  8:47  Missile Turret  
  136  8:50  Missile Turret  
  136  8:52  Hellion x2  
  138  9:00  Siege Tank  
  141  9:03  Factory Reactor, Factory Tech Lab  
  141  9:07  Command Center  
  141  9:09  Infernal Pre-Igniter  
  141  9:11  Sensor Tower  
  141  9:14  Hellion  
  128  9:24  Terran Vehicle Weapons Level 2  
  128  9:27  Armory  
  128  9:31  Planetary Fortress  
  128  9:41  Missile Turret  
  128  9:42  Refinery x2  
  128  9:43  Cyclone  
  128  9:44  Hellion x3  
  137  9:55  Cyclone x2  
  143  10:00  Viking x2  
  146  10:20  Orbital Command  
  146  10:22  Orbital Command  
  146  10:30  Viking x2  
  146  10:31  Unknown  
  146  10:32  Cyclone x2  
  146  10:33  Thor  
  146  10:34  Hellion x3  
  168  10:45  Drilling Claws  
  168  10:46  Starport  
  168  10:49  Starport  
  166  10:55  Terran Ship Weapons Level 1  
  161  10:58  SCV  
  162  11:07  Thor  
  162  11:09  Viking x2  
  162  11:10  Hellion x2  
  174  11:36  Starport Tech Lab, Starport Reactor  
  174  11:37  Siege Tank x2, Hellion  
  184  11:40  Hellion  
  182  11:50  Command Center  
  182  11:58  Siege Tank, Hellion x2  
  182  11:59  Hellion x2  
  182  12:00  Siege Tank  
  181  12:01  Hellion  
  181  12:04  Hellion  
  125  12:10  Raven  
  119  12:27  Viking x2  
  119  12:28  Terran Vehicle Weapons Level 3  
  123  12:42  Building Armor  
  115  12:45  Widow Mine x3  
  115  12:57  Cyclone  
  115  12:58  Cyclone x3  
  125  12:59  Viking x3  
  125  13:00  Viking  
  125  13:02  Hellion  
  125  13:05  Planetary Fortress  
  135  13:14  Siege Tank  
  135  13:15  Hellion x2  
  142  13:40  Missile Turret  
  142  13:43  Viking x3  
  142  13:44  Siege Tank x3  
  142  13:45  Hellion x3  
  142  13:46  Hellion x2  
  167  13:58  Refinery  
  167  13:59  Refinery, Viking  
  167  14:00  Hellion x2  
  167  14:01  Missile Turret  
  173  14:06  Hellion  
  173  14:07  Hellion  
  173  14:08  Widow Mine x2  
  181  14:16  Corvid Reactor  
  181  14:27  Cyclone x2  
  181  14:28  SCV  
  188  14:34  Command Center  
  188  14:41  SCV  
  185  14:59  Starport x2  
  175  15:01  Hi-Sec Auto Tracking, Starport  
  175  15:03  Starport  
  175  15:05  Missile Turret x3  
  175  15:13  Fusion Core  
  171  15:22  Siege Tank x2, Hellion x2  
  171  15:23  Hellion x2  
  171  15:24  Hellion  
  179  15:37  Missile Turret  
  179  15:40  Hellion x2  
  179  15:42  Hellion  
  156  15:44  Hellion  
Show
View Real Time Build Order
Export as new Build Order

PtitDrogo Protoss - Winner!

Build Orders: Zealot Archon 

Get SALT Encoding   

  12  0:01  Probe (Chrono Boost)  
  13  0:11  Probe (Chrono Boost)  
  14  0:17  Pylon  
  14  0:22  Probe (Chrono Boost)  
  15  0:36  Probe (Chrono Boost), Gateway  
  16  0:46  Probe (Chrono Boost)  
  16  0:47  Assimilator  
  18  0:57  Probe (Chrono Boost)  
  18  1:07  Probe (Chrono Boost)  
  19  1:18  Probe (Chrono Boost)  
  20  1:24  Cybernetics Core  
  20  1:26  Zealot  
  20  1:30  Probe (Chrono Boost), Pylon  
  23  1:51  Nexus  
  25  2:01  Mothership Core (Chrono Boost)  
  24  2:16  Stalker  
  24  2:19  Assimilator  
  24  2:21  Probe (Chrono Boost)  
  27  2:31  Warp Gate  
  27  2:33  Probe (Chrono Boost)  
  28  2:38  Pylon  
  29  2:45  Probe (Chrono Boost)  
  29  2:47  Stalker  
  32  2:59  Probe (Chrono Boost)  
  32  3:10  Probe (Chrono Boost)  
  32  3:12  Probe (Chrono Boost)  
  33  3:15  Robotics Facility  
  33  3:20  Pylon, Probe (Chrono Boost)  
  33  3:23  Probe (Chrono Boost)  
  35  3:27  Stalker  
  35  3:31  Probe (Chrono Boost)  
  35  3:33  Probe (Chrono Boost)  
  39  3:41  Probe (Chrono Boost)  
  39  3:44  Probe (Chrono Boost)  
  41  3:50  Gateway x2  
  41  3:52  Probe (Chrono Boost)  
  41  3:54  Probe (Chrono Boost)  
  43  4:01  Observer  
  44  4:02  Pylon  
  44  4:04  Probe (Chrono Boost)  
  44  4:07  Probe (Chrono Boost)  
  46  4:16  Probe (Chrono Boost)  
  47  4:17  Twilight Council  
  47  4:19  Probe (Chrono Boost), Observer  
  49  4:28  Probe (Chrono Boost)  
  49  4:29  Assimilator  
  49  4:30  Probe (Chrono Boost), Assimilator  
  51  4:36  Pylon, Forge  
  51  4:40  Blink  
  51  4:41  Probe x2 (Chrono Boost)  
  54  4:53  Probe (Chrono Boost)  
  54  4:55  Probe (Chrono Boost)  
  54  4:57  Protoss Ground Weapons Level 1  
  55  5:05  Probe (Chrono Boost)  
  56  5:15  Immortal  
  56  5:17  Nexus  
  56  5:20  Pylon  
  60  5:26  Stalker  
  60  5:32  Stalker  
  62  5:39  Probe (Chrono Boost)  
  62  5:42  Probe (Chrono Boost)  
  64  5:46  Stalker  
  67  5:51  Probe (Chrono Boost)  
  67  5:54  Probe (Chrono Boost)  
  67  5:56  Photon Cannon  
  68  6:03  Probe (Chrono Boost), Stalker  
  71  6:13  Probe (Chrono Boost)  
  71  6:15  Probe (Chrono Boost)  
  73  6:23  Pylon  
  73  6:25  Probe (Chrono Boost), Photon Cannon  
  73  6:28  Probe (Chrono Boost)  
  73  6:31  Probe (Chrono Boost)  
  73  6:32  Stalker x3  
  79  6:37  Probe (Chrono Boost), Templar Archives  
  82  6:43  Pylon, Protoss Ground Weapons Level 2  
  82  6:45  Probe (Chrono Boost)  
  83  6:49  Charge  
  84  6:55  Probe (Chrono Boost)  
  84  6:59  Probe (Chrono Boost)  
  84  7:01  Probe (Chrono Boost)  
  86  7:02  Assimilator x2  
  86  7:08  Probe (Chrono Boost)  
  87  7:10  Gateway  
  87  7:12  Gateway x2  
  87  7:13  Probe (Chrono Boost)  
  87  7:15  Probe (Chrono Boost)  
  89  7:20  Immortal, Probe (Chrono Boost)  
  90  7:24  Pylon  
  90  7:27  Probe (Chrono Boost)  
  90  7:29  Probe (Chrono Boost)  
  96  7:30  Pylon, High Templar  
  96  7:31  Zealot, High Templar  
  102  7:41  Archon  
  102  7:49  Gateway x2  
  102  7:51  Gateway  
  102  7:54  Immortal, Probe (Chrono Boost)  
  102  7:55  Probe x2 (Chrono Boost)  
  102  7:56  Sentry  
  111  8:11  Stargate  
  111  8:22  Forge  
  111  8:23  Nexus  
  111  8:24  Pylon  
  111  8:31  Stalker x2  
  115  8:37  Immortal  
  119  8:44  Protoss Ground Armor Level 1  
  121  8:49  Probe x2 (Chrono Boost)  
  119  8:55  Stalker x4  
  119  8:56  Stalker x5  
  119  8:59  Void Ray  
  134  9:04  Protoss Ground Weapons Level 3  
  139  9:11  Probe x2 (Chrono Boost)  
  139  9:12  Probe (Chrono Boost)  
  127  9:25  Probe x2 (Chrono Boost)  
  128  9:33  Probe (Chrono Boost)  
  128  9:37  Probe x2 (Chrono Boost)  
  128  9:38  Probe (Chrono Boost)  
  131  9:45  Probe (Chrono Boost), Fleet Beacon  
  132  9:46  Protoss Air Weapons Level 1  
  132  9:49  Probe x2 (Chrono Boost)  
  132  9:51  Probe (Chrono Boost)  
  135  9:57  Probe (Chrono Boost)  
  135  9:59  Oracle  
  136  10:01  Probe x3 (Chrono Boost)  
  140  10:07  Stargate  
  138  10:14  Stargate  
  138  10:17  High Templar x2  
  138  10:18  Zealot x4  
  150  10:23  Assimilator x2  
  150  10:24  Pylon  
  150  10:28  Archon  
  150  10:35  Carrier  
  156  10:54  Carrier  
  154  11:00  Zealot x5  
  164  11:05  Pylon  
  164  11:06  Pylon  
  164  11:08  Pylon  
  164  11:17  High Templar  
  163  11:20  Pylon  
  163  11:21  Pylon  
  163  11:25  High Templar  
  165  11:26  Zealot x5  
  165  11:30  Archon  
  165  11:32  Stalker x2  
  171  11:47  Stalker x3  
  171  11:49  Stalker  
  172  12:00  Carrier  
  172  12:01  Zealot x5  
  154  12:08  Probe (Chrono Boost)  
  138  12:09  Probe x3 (Chrono Boost)  
  136  12:18  Probe (Chrono Boost)  
  136  12:20  Probe (Chrono Boost)  
  136  12:21  Probe (Chrono Boost)  
  133  12:25  Probe (Chrono Boost)  
  133  12:29  Probe (Chrono Boost)  
  135  12:31  Probe x2 (Chrono Boost)  
  138  12:37  Probe (Chrono Boost)  
  137  12:45  Graviton Catapult  
  132  12:56  Probe x2 (Chrono Boost)  
  132  12:57  Probe (Chrono Boost), Carrier  
  133  12:58  Probe (Chrono Boost)  
  133  12:59  Carrier  
  133  13:04  Psionic Storm  
  133  13:07  Probe (Chrono Boost)  
  133  13:10  Photon Cannon  
  147  13:14  Carrier  
  146  13:20  High Templar  
  146  13:23  High Templar x4  
  162  13:38  High Templar x3  
  162  13:39  High Templar  
  170  13:43  Archon x2  
  170  13:51  Observer  
  170  13:53  Protoss Air Weapons Level 2  
  172  13:57  Probe (Chrono Boost)  
  172  13:59  Pylon  
  172  14:00  Probe x3 (Chrono Boost)  
  172  14:01  Pylon  
  171  14:04  Pylon  
  171  14:05  Pylon  
  171  14:09  Probe (Chrono Boost)  
  172  14:18  Oracle  
  172  14:21  Photon Cannon  
  172  14:23  Pylon  
  175  14:33  Nexus  
  175  14:35  Pylon  
  175  14:41  Zealot  
  177  14:46  Stalker x5  
  167  15:03  Probe x2 (Chrono Boost)  
  167  15:04  Probe x2 (Chrono Boost)  
  167  15:06  High Templar x4  
  179  15:10  Archon x2  
  179  15:11  High Templar x2  
  185  15:15  Probe (Chrono Boost)  
  185  15:16  Probe x2 (Chrono Boost)  
  185  15:17  Archon  
Tags
 
Add a new tag
Caveats
  • Supply blocks, unpowered buildings, or Contaminate may cause inaccurate times.
  • Supply counts are checked every 10 seconds.